 Dungeon Crawl Stone Soup version 0.32-a0-799-g95e1662365 (webtiles) character file.

Game seed: 226201147990248842

2755 ezpacito the Chopper (level 9, 0/69 HPs)
             Began as a Coglin Chaos Knight on Mar 21, 2024.
             Was a Plaything of Xom.
             Killed from afar by a steam dragon (11 damage)
             ... with a ball of steam
             ... on level 7 of the Dungeon.
             The game lasted 00:07:43 (6399 turns).

ezpacito the Chopper (Coglin Chaos Knight)          Turns: 6399, Time: 00:07:44

Health: 0/69       AC: 14    Str: 16    XL:     9   Next: 69%
Magic:  13/13      EV: 11    Int: 14    God:    Xom [......]
Gold:   234        SH:  0    Dex: 14    Spells: 14/14 levels left

rFire   . . .        a - +1 hand axe (chaos) {Cyneburga}
rCold   + . .        i - +0 trident {Gota}
rNeg    . . .        d - +2 ring mail "Laet Yto" {rC+ Int+2}
rPois   .            h - +1 hat
rElec   .            y - +1 cloak
rCorr   .            k - +0 pair of gloves
SInv    .            (no boots)
Will    .....        (amulet unavailable)
Stlth   ++           (ring unavailable)
HPRegen 0.31/turn    (ring unavailable)
MPRegen 0.13/turn    (no gizmo)

%: clarity
@: lethally poisoned (0 -> -10), revved
A: off-hand wielding, slow wielding, warmup strikes, no jewellery, iridescent
scales 1, clarity, inability to drink after injury 1
a: Invent Gizmo, Renounce Religion


You were on level 7 of the Dungeon.
You worshipped Xom.
You were a very special plaything of Xom.
You visited 2 branches of the dungeon, and saw 8 of its levels.
You also visited: Ossuary.

You collected 234 gold pieces.

Inventory:

Hand Weapons
 a - a +1 hand axe of chaos (weapon) {Cyneburga}
 e - a +0 war axe
 i - a +0 trident (offhand) {Gota}
 x - the +7 staff of the Meek {protect, meekguard}
   (You found it on level 6 of the Dungeon)
Missiles
 j - a throwing net (quivered)
Armour
 d - the +2 ring mail "Laet Yto" (worn) {rC+ Int+2}
   (You found it on level 5 of the Dungeon)

   Int+2:     It affects your intelligence (+2).
   rC+:       It protects you from cold.
 h - a +1 hat (worn)
 k - a +0 pair of gloves (worn)
 o - a +0 plate armour
 y - a +1 cloak (worn)
Magical Staves
 A - a staff of cold
Talismans
 D - a storm talisman
Wands
 s - a wand of mindburst (18)
 z - a wand of flame (27)
 F - a wand of paralysis (10)
Scrolls
 c - a scroll of butterflies
 l - a scroll of vulnerability
 m - 3 scrolls of poison
 n - a scroll of fog {unknown}
 p - a scroll of amnesia {unknown}
 r - 2 scrolls of enchant weapon
 t - 3 scrolls of teleportation
 u - a scroll of noise {unknown}
 w - a scroll of torment {unknown}
 B - a scroll of blinking
Potions
 f - a potion of lignification
 v - 2 potions of mutation
 C - a potion of brilliance
 E - 3 potions of enlightenment


   Skills:
 * Level 5.9 Fighting
 * Level 6.0(6.5) Axes
 + Level 3.4(4.9) Polearms
 * Level 5.0 Armour
 * Level 4.6 Dodging
 + Level 3.1 Stealth
 + Level 3.0 Spellcasting
 + Level 4.6 Evocations


You had 14 spell levels left.
You didn't know any spells.
Your spell library contained the following spells:

 Spells                   Type           Power      Damage    Failure   Level
 Sting                    Conj/Alch      8%         1d3       36%         1
 Mercury Vapours          Alch/Air       4%         N/A       50%         2
 Gell's Gravitas          Tloc           2%         N/A       75%         3
 Teleport Other           Tloc           2%         N/A       75%         3
 Volatile Blastmotes      Fire/Tloc      4%         2d10      75%         3
 Fulminant Prism          Conj/Alch      1%         3d5       98%         4
 Iskenderun's Mystic Bla  Conj/Tloc      2%         2d3       98%         4
 Olgreb's Toxic Radiance  Alch           2%         N/A       98%         4
 Vhi's Electric Charge    Tloc/Air       4%         N/A       98%         4
 Arcjolt                  Conj/Air       1%         1d11      100%        5
 Dispersal                Tloc           1%         N/A       100%        6
 Maxwell's Capacitive Co  Air            1%         ∞         100%        8


Dungeon Overview and Level Annotations

Branches:
Dungeon (7/15)             Temple (1/1) D:5         Ossuary (visited)

Altars:
Cheibriados
Elyvilon
Fedhas
Gozag
Hepliaklqana
Kikubaaqudgha
Makhleb
Nemelex Xobeh
Ru
Uskayaw
Vehumet
Xom
Yredelemnul
Zin
The Shining One
Beogh

Shops:
D:4 [   D:6 (


Innate Abilities, Weirdness & Mutations

You can wield a second weapon in your off-hand.
It takes a long time for you to wield or remove held weapons.
Your first few attacks do less damage.
You cannot equip rings or amulets.
You are partially covered in iridescent scales. (AC +2)
You possess an exceptional clarity of mind.
You occasionally lose the ability to drink potions when taking damage.


Message History

You kill the orc!
You are engulfed in a cloud of scalding steam.
The steam dragon closely misses you.
The steam dragon claws you but does no damage.
You barely miss the steam dragon with your +1 hand axe of chaos.
You puncture the steam dragon with your +0 trident!
You are engulfed in a cloud of scalding steam.
A kobold brigand comes into view.
It is wielding a +4 dagger and quivering poisoned darts.
The steam dragon breathes steam at you. The ball of steam hits you!
You are too injured to fight recklessly!
You are too injured to fight recklessly!
You take 31 damage, and have 37/69 hp.
MASSIVE DAMAGE!!
You are too injured to fight recklessly!
You are too injured to fight recklessly!
You are too injured to fight recklessly!
You hit the steam dragon with your +1 hand axe of chaos.
The steam dragon is poisoned.
The steam dragon is moderately wounded.
You puncture the steam dragon with your +0 trident!
You are engulfed in a cloud of scalding steam.
The steam dragon breathes steam at you. The ball of steam hits you!
* * * LOW HITPOINT WARNING * * *
You take 20 damage, and have 17/69 hp.
MASSIVE DAMAGE!!
You hit the steam dragon with your +1 hand axe of chaos.
You freeze the steam dragon.
The steam dragon is severely wounded.
You hit the steam dragon with your +0 trident.
The steam dragon breathes steam at you. The ball of steam hits you!
* * * LOW HITPOINT WARNING * * *
You take 6 damage, and have 11/69 hp.
The kobold brigand throws a poisoned dart.
The poisoned dart hits you!
You are poisoned.
The steam dragon breathes steam at you. The ball of steam hits you!
You die...
Xom guffaws!

#.#>...÷..............
###......÷..............
...##...................
##.##...................
..#..#..##.............
#..##...#........?......
#...#...........).#.....
##..#...#......D§)#.....
....####......@)..# ..##
#..........# ..#
#...###...[..# ....#
#.#....... #...
####K..... #.. ..###.
... ...#


You could see a steam dragon (very poisoned, catching breath) and a kobold
brigand.

Vanquished Creatures
  2 water moccasins
  Duvessa (D:6)
  A black bear (D:5)
  2 orc warriors (D:6)
  An ice beast (D:6)
  A sky beast (D:3)
  A swamp drake (D:4)
  2 ogres
  3 bullfrogs
  5 scorpions
  Dowan (D:6)
  2 killer bees (D:5)
  3 howler monkeys
  A centaur zombie (Ossuary)
  2 hounds (D:5)
  5 human zombies (Ossuary)
  4 orc priests
  A spectral scorpion (Ossuary)
  A sleepcap (D:6)
  2 iguanas
  Terence (D:2)
  A crocodile zombie (Ossuary)
  3 spectral hounds (Ossuary)
  A mummy (Ossuary)
  7 gnolls
  5 adders
  A hound simulacrum (Ossuary)
  A shadow imp (D:6)
  A spectral adder (Ossuary)
  3 spectral gnolls (Ossuary)
  A dart slug (D:2)
  3 ribbon worms
  3 adder simulacra (Ossuary)
  27 orcs
  7 endoplasms
  5 giant cockroaches
  9 gnoll zombies (Ossuary)
  5 goblins
  2 hobgoblins
  2 quokkas
  3 ball pythons
  4 bats
  A frilled lizard (D:2)
  2 gnoll simulacra (Ossuary)
  A goblin zombie (D:6)
  3 jackal simulacra (Ossuary)
  12 kobolds
  2 kobold zombies (Ossuary)
  5 orc zombies (Ossuary)
  2 rats
  A rat zombie (D:6)
  3 spectral jackals (Ossuary)
168 creatures vanquished.

Vanquished Creatures (collateral kills)
  A water moccasin (D:5)
1 creature vanquished.

Vanquished Creatures (others)
  2 howler monkeys (D:7)
  A human zombie (Ossuary)
  A crocodile zombie (Ossuary)
  2 mummies (Ossuary)
6 creatures vanquished.

Grand Total: 175 creatures vanquished

Notes
Turn   | Place    | Note
-------+----------+-------------------------------------------
     0 | D:1      | ezpacito the Coglin Chaos Knight began the quest for the
                  | Orb.
     0 | D:1      | Reached XP level 1. HP: 18/18 MP: 1/1
    94 | D:1      | You fall into a shaft and drop 1 floor!
   114 | D:2      | Reached skill level 1 in Dodging
   114 | D:2      | Reached XP level 2. HP: 23/24 MP: 2/2
   223 | D:2      | XOM: divination: magic mapping
   291 | D:1      | Found a faded altar of an unknown god.
   412 | D:1      | Reached XP level 3. HP: 27/29 MP: 3/3
   798 | D:2      | Found a radiant altar of Vehumet.
   836 | D:2      | Noticed Terence
   845 | D:2      | Killed Terence
   869 | D:2      | Reached skill level 1 in Polearms
   912 | D:2      | Reached XP level 4. HP: 31/35 MP: 4/4
  1563 | D:3      | a ribbon worm changed into a sky beast
  1563 | D:3      | Noticed a sky beast
  1564 | D:3      | XOM: potion effect (might)
  1567 | D:3      | Killed a sky beast
  1568 | D:3      | Reached skill level 1 in Evocations
  1568 | D:3      | Reached XP level 5. HP: 41/41 MP: 4/6
  1634 | D:3      | Reached skill level 1 in Spellcasting
  1845 | D:4      | XOM: divination: detect items
  1871 | D:4      | Reached skill level 1 in Stealth
  1954 | D:4      | Found Hatu Tin's Antique Armour Shop.
  1955 | D:4      | XOM: potion effect (might)
  1960 | D:4      | Reached XP level 6. HP: 48/48 MP: 7/7
  2047 | D:4      | Reached skill level 4 in Axes
  2127 | D:4      | Found a sparkling altar of Nemelex Xobeh.
  2288 | D:4      | XOM: noise
  2296 | D:4      | Found a snail-covered altar of Cheibriados.
  2390 | D:4      | XOM: confuse monster(s)
  2524 | D:1      | XOM: divination: magic mapping
  2597 | D:4      | XOM: confuse monster(s)
  2602 | D:4      | a scorpion changed into a swamp drake
  2602 | D:4      | Noticed a swamp drake
  2609 | D:4      | Killed a swamp drake
  2610 | D:4      | Reached XP level 7. HP: 54/54 MP: 9/9
  2832 | D:5      | Entered Level 5 of the Dungeon
  2867 | D:5      | XOM: cloud trail
  2994 | D:5      | XOM: potion effect (might)
  2995 | D:5      | XOM: silly message
  3065 | D:5      | XOM: silly message
  3289 | D:5      | Identified the +2 ring mail "Laet Yto" {rC+ Int+2}
  3514 | D:5      | XOM: divination: detect creatures
  3648 | D:5      | XOM: summons 5 friendly demons
  3653 | D:5      | Reached XP level 8. HP: 31/61 MP: 10/10
  3775 | D:5      | Found a staircase to the Ecumenical Temple.
  3788 | Temple   | Entered the Ecumenical Temple
  4366 | D:6      | Found a sand-covered staircase.
  4395 | Ossuary  | Entered an ossuary
  4460 | Ossuary  | XOM: blink monster(s)
  4575 | Ossuary  | Reached skill level 5 in Axes
  4637 | Ossuary  | XOM: destruction
  4733 | Ossuary  | XOM: scenery: 4 doors open, 1 doors close
  4737 | Ossuary  | XOM: divine lightning
  4861 | D:6      | Reached skill level 5 in Fighting
  4879 | D:6      | Found a roughly hewn altar of Beogh.
  4879 | D:6      | Found the +7 staff of the Meek {protect, meekguard}
  4928 | D:6      | Reached XP level 9. HP: 59/68 MP: 12/12
  4930 | D:6      | XOM: confuse monster(s)
  4980 | D:6      | XOM: god gift: storm talisman
  5049 | D:6      | Noticed Dowan
  5060 | D:6      | Noticed Duvessa
  5069 | D:6      | Killed Duvessa
  5071 | D:6      | Killed Dowan
  5318 | D:6      | Found Kuetyib's Weapon Shop.
  5368 | D:6      | XOM: scenery: summon butterflies
  5775 | D:7      | XOM: noise
  5782 | D:7      | XOM: snakes to sticks
  6004 | D:6      | XOM: polymorph killer bee -> kobold
  6121 | D:5      | XOM: noise
  6206 | D:5      | XOM: silly message
  6293 | D:6      | XOM: polymorph killer bee -> ogre
  6349 | D:6      | Reached skill level 5 in Armour
  6369 | D:6      | Reached skill level 6 in Axes
  6385 | D:6      | XOM: give mutations
  6385 | D:6      | Gained mutation: You are partially covered in iridescent
                  | scales. (AC +2) [Xom's mischief]
  6385 | D:6      | Gained mutation: You occasionally lose the ability to drink
                  | potions when taking damage. [Xom's mischief]
  6385 | D:6      | Gained mutation: You possess an exceptional clarity of
                  | mind. [Xom's mischief]
  6399 | D:7      | Killed from afar by a steam dragon

Illustrated notes

Levels and vault maps discovered:
D:1:      mainiacjoe_arrival_oval_in_oval, layout_basic,
          ebering_ecumenical_altar_abandoned, reono_crystal_passage
D:2:      layout_loops_cross, basic_altar, uniq_terence
D:3:      layout_basic
D:4:      layout_rooms, nemelex_xobeh_ov_fountains_minmay, cheibriados_altar_1,
          serial_curves, eino_curves_02, eino_curves_02, eino_curves_02,
          eino_curves_03, serial_shops, shop, grunt_ministairs_12,
          serial_park_tiny_1
D:5:      layout_layer_cave, minmay_temple_entry_proselytizer
D:6:      layout_basic, serial_shops, nicolae_shop_bloodbath_and_beyond,
          enter_ossuary_4, minmay_misc_feat_x,
          serial_library_hellmonk_open_cross, pf_guarded_unrand_meek,
          uniq_duvessa
D:7:      layout_layer_cave
Temple:   nicolae_temple_ecumenical_triangle

Skill      XL: |  1  2  3  4  5  6  7  8  9 |
---------------+----------------------------+-----
Dodging        | 1 2 3 4 |  4.6
Armour         | 2 3 4 5 |  5.0
Polearms       | 1 2 3 |  3.4
Evocations     | 1 2 3 4 |  4.6
Spellcasting   | 1 2 3 |  3.0
Stealth        | 1 2 3 |  3.1
Axes           | 4 5 6 |  6.0
Fighting       | 4 5 |  5.9

Action                     |  1- 3 |  4- 6 |  7- 9 || total
---------------------------+-------+-------+-------++-------
  Melee: Hand axe          |    41 |    73 |   347 ||   461
         Dagger            |    36 |    59 |       ||    95
         Spear             |       |    15 |   299 ||   314
         Trident           |       |       |    72 ||    72
    Use: Potion            |       |     1 |     5 ||     6
         Scroll            |       |       |    17 ||    17
   Stab: Petrified         |     5 |       |     2 ||     7
         Petrifying        |     2 |       |     1 ||     3
         Confused          |       |     2 |     6 ||     8
         Paralysed         |       |       |     3 ||     3
         Sleeping          |       |       |     8 ||     8
         Held in net/web   |       |       |     1 ||     1
         Invisible         |       |       |     2 ||     2
 Armour: Chain mail        |    32 |    44 |    18 ||    94
         Skin              |       |     3 |       ||     3
         Ring mail         |       |       |   302 ||   302
  Dodge: Dodged            |    13 |    24 |   239 ||   276

Table legend: (Time is in decaauts)
 A = Elapsed time spent in this place.
 B = Non-inter-level travel time spent in this place.
 C = Inter-level travel time spent in this place.
 D = Time resting spent in this place.
 E = Time spent auto-exploring this place.
 F = Levels seen in this place.
 G = Mean time per level.
                   A        B        C        D        E       F      G
               +--------+--------+--------+--------+--------+-----+--------+
         Total |   6417 |   6048 |    369 |    524 |   4416 |   9 |  713.0 |
       Dungeon |   5986 |   5617 |    369 |    524 |   4178 |   7 |  855.1 |
        Temple |      1 |      1 |      0 |      0 |      0 |   1 |    1.0 |
       Ossuary |    429 |    429 |      0 |      0 |    238 |   1 |  429.0 |
               +--------+--------+--------+--------+--------+-----+--------+

Top non-repeatable levels by time:
     D:5: 1965 daAuts
     D:6: 1082 daAuts
     D:4: 894 daAuts
     D:3: 713 daAuts
     D:2: 637 daAuts
     D:1: 596 daAuts
 Ossuary: 429 daAuts
     D:7: 96 daAuts
  Temple: 1 daAuts
